 Dungeon Crawl Stone Soup version 0.30-a0-737-gf23d94013f (webtiles) character file.

Game seed: 8476941520208137599

28 gelatine the Firebug (level 2, 0/19 HPs)
             Began as a Demonspawn Fire Elementalist on Feb 2, 2023.
             Killed from afar by Sigmund (6 damage)
             ... with a magic dart
             ... on level 2 of the Dungeon.
             The game lasted 00:02:24 (1275 turns).

gelatine the Firebug (Demonspawn Fire Elementalist) Turns: 1275, Time: 00:02:25

Health: 0/19       AC:  4    Str:  8    XL:     2   Next: 96%
Magic:  2/5        EV: 12    Int: 16    God:
Gold:   75         SH:  0    Dex: 13    Spells: 2/5 levels left

rFire   . . .      SeeInvis .    (no weapon)
rCold   . . .      Faith    .    (no shield)
rNeg    . . .      Spirit   .    a - +0 robe
rPois   .          Reflect  .    (no helmet)
rElec   .          Harm     .    (no cloak)
rCorr   .          Rampage  .    (no gloves)
Will    .....                    (no boots)
Stlth   ++                       (no amulet)
HPRegen 0.23/turn                (no ring)
MPRegen 0.09/turn                (no ring)

@: very slightly contaminated
A: slimy green scales 1
a: no special abilities


You were on level 2 of the Dungeon.
You visited 1 branch of the dungeon, and saw 2 of its levels.

You collected 75 gold pieces.

Inventory:

Armour
 a - a +0 robe (worn)
Scrolls
 c - 2 scrolls of teleportation {unknown}
 d - a scroll of fog {unknown}
 f - a scroll of identify {unknown}
 g - 2 scrolls of noise {unknown}
 i - a scroll of silence {unknown}
 k - a scroll of torment {unknown}
Potions
 b - 2 potions of magic
 e - a potion of invisibility {unknown}
 h - a potion of berserk rage {unknown}
 j - a potion of heal wounds {unknown}


   Skills:
 * Level 2.1 Dodging
 + Level 1.9 Stealth
 + Level 2.2 Spellcasting
 * Level 1.1 Conjurations
 * Level 3.2 Fire Magic


You had 2 spell levels left.
You knew the following spells:

 Your Spells              Type           Power      Damage    Failure   Level
a - Foxfire               Conj/Fire      32%        2x1d5     9%          1
b - Scorch                Fire           24%        2d6       8%          2

Your spell library contained the following spells:

 Spells                   Type           Power      Damage    Failure   Level
 Magic Dart               Conj           20%        1d4       13%         1
 Call Imp                 Summ           1%         N/A       30%         2
 Inner Flame              Hex/Fire       7%         N/A       30%         3
 Kindle Blastsparks       Fire/Tloc/Air  10%        2d10      36%         3
 Mephitic Cloud           Conj/Pois/Air  3%         N/A       45%         3
 Flame Wave               Conj/Fire      8%         2d5       63%         4


Dungeon Overview and Level Annotations

Branches:
Dungeon (2/15)

Altars:

Annotations:
D:2 Sigmund


Innate Abilities, Weirdness & Mutations

You are partially covered in slimy green scales. (AC +2)


Message History

You conjure some foxfire!
Your foxfire dissipates! x3
A ball python comes into view.
You conjure some foxfire!
The ball python hisses angrily.
You conjure some foxfire!
The foxfire hits the ball python.
You kill the ball python!
You are out of magic!
You are out of magic!
Your foxfire dissipates!
Your foxfire dissipates! x2
Magic restored.
k - a scroll labelled UZIEDDE MUMU Unknown command.
Sigmund the Dreaded comes into view.
He is wielding a +0 scythe.
You conjure some foxfire!
You miscast Foxfire.
You are very lightly contaminated with residual magic.
Nothing appears to happen.
The foxfire hits Sigmund but does no damage.
Sigmund shouts!
Sigmund casts a spell.
Sigmund flickers and vanishes!
Deactivating autopickup; reactivate with Ctrl-A.
You miscast Foxfire.
Nothing appears to happen.
The foxfire hits something.
You conjure some foxfire!
The foxfire hits something. x2
A magic dart appears from out of thin air!
The magic dart hits you.
You are confused.
You're too confused to cast spells.
You're too confused to cast spells.
You hear some strange, mumbled words.
A puff of flame appears from out of thin air!
The puff of flame hits you!
Ouch! That really hurt!
You feel less confused.
A magic dart appears from out of thin air!
The magic dart hits you.
You die...

#.#.# #.#.#
###.#.# ......#
#§#†..###
#.#.....# #
#.#.....#.#.#
######.#.........#
#.......@..{.#.###
#.####.#####.# #
#.# #.... ... #.#
###### ...# #.#
.#..# #.# .....#
#.##########.##..#
#..........#.# ...
.# #.########.#


There were no monsters in sight!

Vanquished Creatures
  2 dart slugs (D:1)
  A bat (D:1)
  3 endoplasms (D:1)
  2 giant cockroaches (D:1)
  A goblin (D:1)
  A hobgoblin (D:1)
  5 quokkas (D:1)
  2 ball pythons
  A frilled lizard (D:1)
  3 rats
21 creatures vanquished.

Vanquished Creatures (others)
  89 foxfires
89 creatures vanquished.

Grand Total: 110 creatures vanquished

Notes
Turn   | Place    | Note
-------+----------+-------------------------------------------
     0 | D:1      | gelatine the Demonspawn Fire Elementalist began the quest
                  | for the Orb.
     0 | D:1      | Reached XP level 1. HP: 13/13 MP: 3/3
   212 | D:1      | Reached skill level 3 in Fire Magic
   212 | D:1      | Gained mutation: You are partially covered in slimy green
                  | scales. (AC +2) [demonic ancestry]
   212 | D:1      | Reached XP level 2. HP: 19/19 MP: 0/5
  1118 | D:1      | Learned a level 2 spell: Scorch
  1262 | D:2      | Noticed Sigmund
  1275 | D:2      | Killed from afar by Sigmund

Illustrated notes

Levels and vault maps discovered:
D:1:      lightli_arrival_statue_moat, layout_rooms
D:2:      layout_basic, uniq_sigmund

Skill      XL: |  1  2 |
---------------+-------+-----
Fire Magic     | 3 |  3.2
Dodging        | 2 |  2.1
Stealth        | |  1.9
Spellcasting   | |  2.2
Conjurations   | |  1.1

Action                     || total
---------------------------++-------
  Melee: Unarmed           ||    15
   Cast: Foxfire           ||    56
 Armour: Robe              ||     7
  Dodge: Dodged            ||    17

Table legend: (Time is in decaauts)
 A = Elapsed time spent in this place.
 B = Non-inter-level travel time spent in this place.
 C = Inter-level travel time spent in this place.
 D = Time resting spent in this place.
 E = Time spent auto-exploring this place.
 F = Levels seen in this place.
 G = Mean time per level.
                   A        B        C        D        E       F      G
               +--------+--------+--------+--------+--------+-----+--------+
         Total |   1274 |   1259 |     15 |      0 |   1058 |   2 |  637.0 |
       Dungeon |   1274 |   1259 |     15 |      0 |   1058 |   2 |  637.0 |
               +--------+--------+--------+--------+--------+-----+--------+

Top non-repeatable levels by time:
     D:1: 1134 daAuts
     D:2: 140 daAuts
